 Dungeon Crawl Stone Soup version 0.18.1-50-g88ac8fd (webtiles) character file.

10 KarmaPolice the Grasshopper (level 2, -4/19 HPs)
             Began as a Halfling Warper on Sept 24, 2016.
             Slain by a gnoll
             ... wielding a +0 spear
              (5 damage)
             ... on level 1 of the Dungeon.
             The game lasted 00:02:11 (865 turns).

KarmaPolice the Grasshopper (Halfling Warper)        Turns: 865, Time: 00:02:11

Health: -4/19      AC:  3    Str: 11    XL:     2   Next: 30%
Magic:  4/4        EV: 14    Int: 12    God:
Gold:   25         SH:  0    Dex: 13    Spells: 2 memorised, 1 level left

rFire  . . .     SeeInvis .     a - +0 short sword
rCold  . . .     Gourm    .     b - +0 leather armour
rNeg   . . .     Faith    .     (shield restricted)
rPois  .         Spirit   .     (no helmet)
rElec  .         Dismiss  .     (no cloak)
rCorr  .         Reflect  .     (no gloves)
SustAt .         Harm     .     (no boots)
MR     .....                    (no amulet)
Stlth  +.........               (no ring)
                                (no ring)

@: not resistant to hostile enchantments, very unstealthy
A: mutation resistance 1
a: no special abilities


You were on level 1 of the Dungeon.
You were not hungry.

You visited 1 branch of the dungeon, and saw 1 of its levels.

You collected 25 gold pieces.

Inventory:

Hand Weapons
 a - a +0 short sword (weapon)
Missiles
 e - 5 tomahawks of dispersal (quivered)
Armour
 b - a +0 leather armour (worn)
Scrolls
 d - a scroll of blinking
Potions
 h - 2 potions of curing {unknown}
Books
 c - a book of Spatial Translocations

   Spells                             Type                      Level
   a - Apportation                    Translocation                1
   b - Blink                          Translocation                2
   c - Shroud of Golubria             Charms/Translocation         2
   d - Portal Projectile              Translocation                3
   e - Teleport Other                 Translocation                3
   f - Passage of Golubria            Translocation                4
Comestibles
 f - a bread ration
 g - a chunk of flesh


   Skills:
 + Level 2.0 Fighting
 + Level 3.1 Short Blades
 - Level 1.1 Throwing
 - Level 1.1 Armour
 - Level 2.1 Dodging
 + Level 1.0 Stealth
 - Level 1.5 Spellcasting
 + Level 3.3 Translocations


You had one spell level left.
You knew the following spells:

 Your Spells              Type           Power        Failure   Level  Hunger
a - Apportation           Tloc           #.........   12%         1    ##.....
b - Shroud of Golubria    Chrm/Tloc      #.........   30%         2    ###....


Dungeon Overview and Level Annotations

Branches:
Dungeon (1/15)

Altars:


Innate Abilities, Weirdness & Mutations

You are small and have problems with some larger weapons.
You are somewhat resistant to further mutation.


Message History

The bat hits you but does no damage. The bat misses you.
The bat closely misses you. The bat hits you but does no damage.
The bat completely misses you. The bat closely misses you.
The bat hits you but does no damage.
You miss the bat. The bat hits you but does no damage.
The bat barely misses you. The bat hits you. The bat misses you.
The bat hits you. The bat hits you but does no damage.
The gnoll hits you from afar with a spear.
* * * LOW HITPOINT WARNING * * *
You see here a short sword.
The bat hits you but does no damage. The gnoll hits you but does no damage.
You see here a short sword.
You hit the gnoll.
The gnoll is moderately wounded.
The bat closely misses you. The gnoll hits you with a spear.
You die...

##### ########### ####...####
####.......... #....#....#
###....#####....
##.#######.#######...#######..##.
................##.### ###...###.
##########.........# ###...### #.
###.........### #...### #.
##...^.####..## ##.### #. ##
#....#.# #.@.###..# #.
.####..###.# ##bg....## #.
........##.# ##....######## #.
###...#....### ###.........## #.
#>..####....# #...........###.
##.#.# #>##.# #.#.........##..
.....# #.##.# ##.##..#####.##.#
....## #.##.## #..###..## #....#
....# #.##..###.#####..####.###


You could see a gnoll and a bat.

Vanquished Creatures
  A dart slug (D:1)
  A hobgoblin (D:1)
  5 bats (D:1)
  A giant newt (D:1)
  A rat (D:1)
9 creatures vanquished.

Notes
Turn   | Place    | Note
--------------------------------------------------------------
     0 | D:1      | KarmaPolice the Halfling Warper began the quest for the Orb.
     0 | D:1      | Reached XP level 1. HP: 14/14 MP: 3/3
   672 | D:1      | Reached XP level 2. HP: 17/19 MP: 4/4
   676 | D:1      | Learned a level 2 spell: Shroud of Golubria
   825 | D:1      | Reached skill level 1 in Stealth
   865 | D:1      | Slain by a gnoll

Skill      XL: |  1  2 |
---------------+-------+-----
Short Blades   | 3 |  3.1
Fighting       | 2 |  2.0
Stealth        | 1 |  1.0
Throwing       | |  1.1
Armour         | |  1.1
Dodging        | |  2.1
Spellcasting   | |  1.5
Translocations | |  3.3

Action                   || total
-------------------------++-------
Melee: Short sword       ||    47
 Stab: Sleeping          ||     1
Armor: Leather armour    ||    23
Dodge: Dodged            ||    53
